 Dungeon Crawl Stone Soup version 0.18.1-48-g4cf74bf (webtiles) character file.

3461 torvon the Basher (level 9, -9/82 HPs)
             Began as a Yellow Draconian Abyssal Knight on Aug 8, 2016.
             Was a Priest of Lugonu.
             Mangled by an apocalypse crab (11 damage)
             ... summoned by Lugonu's corruption
             ... on level 10 of the Dungeon.
             The game lasted 00:52:49 (10589 turns).

torvon the Basher (DrAK)                           Turns: 10589, Time: 00:52:50

Health: -9/82      AC:  9    Str: 17    XL:     9   Next: 78%
Magic:  8/13       EV: 18    Int: 13    God:    Lugonu [***...]
Gold:   574        SH:  0    Dex: 11    Spells: 0 memorised, 8 levels left

rFire  . . .     SeeInvis .     a - +1 mace
rCold  . . .     Gourm    .     (armour unavailable)
rNeg   . . .     Faith    .     (no shield)
rPois  .         Spirit   .     (helmet restricted)
rElec  .         Dismiss  .     r - +0 cloak
rCorr  +         Reflect  .     O - +0 pair of gloves
SustAt .         Harm     .     (no boots)
MR     .....                    (no amulet)
Stlth  +.........               (no ring)
                                i - +4 ring of evasion

@: slowed, very slow, not resistant to hostile enchantments, very unstealthy
A: spit acid, acid resistance, unfitting armour, cold-blooded, AC +7
a: Spit Acid, Depart the Abyss, Bend Space, Banish, Renounce Religion


You were on level 10 of the Dungeon.
You worshipped Lugonu.
Lugonu was most pleased with you.
You were not hungry.

You visited 1 branch of the dungeon, and saw 10 of its levels.
You visited the Abyss 1 time.

You collected 574 gold pieces.

Inventory:

Hand Weapons
 a - a +1 mace (weapon)
 f - a +1 hand axe of freezing
 j - a +0 hunting sling
 l - a +0 short sword of speed
 A - a +0 flail
 K - a +2 falchion of holy wrath
 Q - a +0 morningstar
 R - a +0 shortbow
 S - a +0 blowgun
 T - a +0 short sword
Missiles
 g - 131 arrows
 u - 4 tomahawks (quivered)
 v - 2 throwing nets
 x - 3 javelins of penetration
 F - 28 poisoned needles
Armour
 r - a +0 cloak (worn)
 O - a +0 pair of gloves (worn)
Jewellery
 i - a +4 ring of evasion (left hand)
Wands
 s - a wand of digging (5/24)
 I - a wand of flame (1/48)
 L - a wand of paralysis (7/24)
 P - a wand of random effects (11/48)
 U - a wand of iceblast (9/15)
Scrolls
 e - 2 scrolls of immolation
 h - 4 scrolls of teleportation
 k - 2 scrolls of amnesia {unknown}
 m - 4 scrolls of remove curse
 o - a scroll of noise {unknown}
 p - 2 scrolls of fear
 t - 3 scrolls of magic mapping
 w - 2 scrolls of identify
 y - 2 scrolls of enchant armour {unknown}
 B - 2 scrolls of holy word {unknown}
 E - a scroll of blinking {unknown}
 G - a scroll of enchant weapon {unknown}
 J - 2 scrolls of fog {unknown}
 N - a scroll of random uselessness {unknown}
Potions
 d - 3 potions of brilliance {unknown}
 n - a potion of resistance {unknown}
 q - a potion of lignification {unknown}
 z - a potion of heal wounds {unknown}
 C - 2 potions of cancellation {unknown}
 D - 2 potions of invisibility {unknown}
 H - 3 potions of curing
 M - a potion of might {unknown}
Comestibles
 b - a bread ration
 c - 2 meat rations


   Skills:
 + Level 8.6 Fighting
 * Level 9.3 Maces & Flails
 + Level 5.4 Dodging
 - Level 6.2 Invocations


You had 8 spell levels left.
You didn't know any spells.

Dungeon Overview and Level Annotations

Branches:
Dungeon (10/15)            Temple (0/1) D:7
   Lair: D:8-11         Orc: D:9-12

Altars:
Ashenzari
Cheibriados
Makhleb
Pakellas
Ru
Vehumet
Xom
Zin
The Shining One

Annotations:
D:10 corrupted


Innate Abilities, Weirdness & Mutations

You can spit globs of acid.
You are resistant to acid.
Your golden yellow scales are hard (AC +7).
Your body does not fit into most forms of armour.
You are cold-blooded and may be slowed by cold attacks.


Message History

The apocalypse crab claws you.
* * * LOW HITPOINT WARNING * * *
The apocalypse crab freezes you!
* * * LOW HITPOINT WARNING * * *
Okay, then.
Zapping:
L - a wand of paralysis (7/24)
Press: ? - help, Shift-Dir - straight line, f - apocalypse crab
Aim: an apocalypse crab (almost dead, summoned, chance to defeat MR: 15%)
Okay, then.
Space bends sharply around you!
You blink.
* * * LOW HITPOINT WARNING * * *
You feel slightly more hungry.
The large abomination hits you but does no damage.
The apocalypse crab barely misses you. The apocalypse crab claws you.
* * * LOW HITPOINT WARNING * * *
You feel as though you will be slow longer.
The apocalypse crab bites you!
* * * LOW HITPOINT WARNING * * *
The apocalypse crab shocks you!
You die...

........# #.# #.#####.# #.#
###.# #.# #.# 5#.# #.# #.#
#..# #.# #.#
#####5..#####.#############.#
..)..##...##................#
..$#..).###.#################
g####.#(†.##@# #p.##..Xt##
#.4. #####.# ##t# #.# #. ###
#. #


You could see an apocalypse crab and a neutral large abomination.

Vanquished Creatures
  A wyvern (D:9)
  Sigmund (D:2)
  2 hungry ghosts (D:9)
  2 hippogriffs (D:9)
  An ice beast (D:6)
  A sky beast (D:9)
  4 phantoms
  An ogre (D:6)
  4 centaurs
  A big kobold (D:9)
  4 scorpions
  A howler monkey (D:4)
  3 crimson imps
  5 hounds
  A quasit (D:9)
  2 centaur skeletons
  An orc priest (D:3)
  A giant frog skeleton (D:4)
  3 worker ants
  An iguana (D:4)
  4 orc wizards
  A hound zombie (D:6)
  A hound skeleton (D:4)
  A worker ant zombie (D:9)
  Robin (D:4)
  A howler monkey skeleton (D:9)
  17 adders
  A shadow imp (D:5)
  An ooze (D:6)
  2 adder skeletons
  2 worms (D:2)
  A dart slug (D:5)
  3 giant geckos
  29 orcs
  A ball python (D:7)
  4 bats
  5 giant cockroaches
  9 goblins
  13 hobgoblins
  8 jackals
  4 quokkas
  4 giant newts
  5 kobolds
  A quokka skeleton (D:4)
  A quokka zombie (D:8)
  12 rats
172 creatures vanquished.

Vanquished Creatures (others)
  A troll (D:9)
  A hungry ghost (D:8)
  2 ice beasts
  An ogre (D:4)
  A sky beast (D:9)
  A gnoll sergeant (D:10)
  A howler monkey (D:5)
  A jelly (D:8)
  5 gnolls (D:10)
  2 adders
  A worm (D:3)
17 creatures vanquished.

Grand Total: 189 creatures vanquished

Notes
Turn   | Place    | Note
--------------------------------------------------------------
     0 | Abyss:1  | torvon the Draconian Abyssal Knight began the quest for the Orb.
     0 | Abyss:1  | Reached XP level 1. HP: 19/19 MP: 2/2
    30 | D:1      | Escaped the Abyss
   406 | D:1      | Reached XP level 2. HP: 26/26 MP: 3/3
   756 | D:2      | Reached ** piety under Lugonu
  1031 | D:2      | Reached XP level 3. HP: 26/33 MP: 5/5
  1057 | D:2      | Noticed a black bear
  1058 | D:2      | Noticed an ogre
  1262 | D:2      | Noticed Sigmund
  1424 | D:2      | Killed Sigmund
  1424 | D:2      | Reached skill level 3 in Maces & Flails
  1424 | D:2      | Reached XP level 4. HP: 39/41 MP: 5/7
  1424 | D:2      | Reached XP level 5. HP: 45/47 MP: 5/8
  1796 | D:3      | Reached skill level 5 in Fighting
  1796 | D:3      | Reached skill level 4 in Maces & Flails
  1851 | D:3      | Found an oddly glowing altar of Pakellas.
  1855 | D:3      | Found a glowing golden altar of the Shining One.
  1866 | D:3      | Found a shattered altar of Ashenzari.
  1880 | D:3      | Reached XP level 6. HP: 47/56 MP: 9/9
  2117 | D:3      | Reached *** piety under Lugonu
  3426 | D:4      | Your scales start taking on a golden yellow colour.
  3426 | D:4      | Reached XP level 7. HP: 58/62 MP: 10/10
  3439 | D:4      | Noticed Robin
  3452 | D:4      | Killed Robin
  3452 | D:4      | Reached skill level 5 in Invocations
  3507 | D:4      | Reached **** piety under Lugonu
  3646 | D:4      | Reached skill level 5 in Maces & Flails
  4012 | D:4      | Found a burning altar of Makhleb.
  4015 | D:4      | Found a radiant altar of Vehumet.
  4299 | D:5      | Entered Level 5 of the Dungeon
  4375 | D:5      | Found a snail-covered altar of Cheibriados.
  4608 | D:5      | Found a glowing silver altar of Zin.
  5326 | D:6      | Reached XP level 8. HP: 15/71 MP: 10/12
  5616 | D:6      | Reached skill level 6 in Maces & Flails
  5665 | D:6      | Found a sacrificial altar of Ru.
  7049 | D:7      | Reached skill level 7 in Maces & Flails
  7544 | D:7      | Found a staircase to the Ecumenical Temple.
  8539 | D:8      | Found a shimmering altar of Xom.
  8647 | D:9      | Reached XP level 9. HP: 70/80 MP: 13/13
  8802 | D:9      | Reached skill level 8 in Maces & Flails
  9958 | D:9      | Noticed a troll
  9960 | D:9      | Banished a troll
  9960 | D:9      | Reached skill level 5 in Dodging
 10053 | D:9      | Reached skill level 9 in Maces & Flails
 10490 | D:10     | Entered Level 10 of the Dungeon
 10566 | D:10     | Corrupted D:10
 10566 | D:10     | Noticed a hell knight
 10566 | D:10     | Noticed a sixfirhy
 10566 | D:10     | Noticed an apocalypse crab
 10566 | D:10     | Noticed a soul eater
 10567 | D:10     | Noticed a wizard
 10589 | D:10     | HP: 2/82 [apocalypse crab[Lugonu's corruption] (9)]
 10589 | D:10     | Mangled by an apocalypse crab

Skill      XL: |  1  2  3  4  5  6  7  8  9 |
---------------+----------------------------+-----
Invocations    | 3 4 6 |  6.2
Fighting       | 4 5 6 7 8 |  8.6
Maces & Flails | 3 4 5 7 9 |  9.3
Dodging        | 4 5 |  5.4

Action                   |  1- 3 |  4- 6 |  7- 9 || total
-------------------------+-------+-------+-------++-------
Melee: Mace              |   109 |   198 |   548 ||   855
       Tailslap          |    12 |    19 |    64 ||    95
Throw: Throwing net      |       |     2 |       ||     2
       Javelin           |       |     1 |     5 ||     6
       Tomahawk          |       |       |    11 ||    11
Invok: Banish            |       |     1 |     9 ||    10
       Bend Space        |       |     1 |     3 ||     4
       Corrupt           |       |       |     1 ||     1
 Abil: Spit Acid         |       |       |     8 ||     8
Evoke: Wand              |       |     2 |       ||     2
  Use: Scroll            |       |     3 |    10 ||    13
       Potion            |       |     1 |     3 ||     4
 Stab: Distracted        |       |       |     2 ||     2
  Eat: Meat ration       |     1 |       |     4 ||     5
       Bread ration      |       |     1 |     4 ||     5
       Beef jerky        |       |       |     2 ||     2
       Pizza             |       |       |     1 ||     1
Armor: Skin              |    33 |    52 |   180 ||   265
Dodge: Dodged            |   100 |   219 |   574 ||   893
